 Dungeon Sprint DCSS version 0.28.0-53-g5a82cb258f (webtiles) character file.

Game seed: 18047483871302585727

5 purpskrrrp the Skirmisher (level 1, -6/27 HPs)
             Began as a Demonspawn Fighter on June 23, 2022.
             Shot with an arrow by a centaur (11 damage)
             ... in the Dungeon (Sprint VII: "The Pits").
             The game lasted 00:00:31 (21 turns).

purpskrrrp the Skirmisher (Demonspawn Fighter)        Turns: 21, Time: 00:00:33

Health: -6/27      AC:  6    Str: 16    XL:     1   Next: 66%
Magic:  1/1        EV:  8    Int:  9    God:
Gold:   0          SH:  4    Dex: 12    Spells: 0/0 levels left

rFire   . . .      SeeInvis .   a - +0 trident
rCold   . . .      Faith    .   c - +0 buckler
rNeg    . . .      Spirit   .   b - +0 scale mail
rPois   .          Reflect  .   (no helmet)
rElec   .          Harm     .   (no cloak)
rCorr   .          Rampage  .   (no gloves)
Will    .....      NoTele   +   (no boots)
Stlth   ..........              (no amulet)
HPRegen 0.09/turn               (no ring)
MPRegen 0.07/turn               (no ring)

@: berserking, very quick
A: no striking features
a: no special abilities


You were in the Dungeon.
You visited 1 branch

Inventory:

Hand Weapons
 a - a +0 trident (weapon)
Armour
 b - a +0 scale mail (worn)
 c - a +0 buckler (worn)
Scrolls
 j - a scroll of blinking
Potions
 d - a potion of might
 e - a potion of curing
 f - a potion of heal wounds
 g - a potion of haste
 h - 2 potions of magic


   Skills:
 + Level 3.5 Fighting
 + Level 2.1 Polearms
 + Level 3.2 Armour
 + Level 3.1 Shields


You couldn't memorise any spells.
You didn't know any spells.
Your spell library was empty.

Dungeon Overview and Level Annotations

Branches:
Dungeon (1/1)

Altars:


Message History

Welcome, purpskrrrp the Demonspawn Fighter.
Press ? for a list of commands and other information.
Found a staircase leading out of the dungeon.
You open the door.
There is an open door to the Entrance Hall (Safe) here.
You open the huge gate.
There is a huge open gate to the Metal Vault (Medium) here.
There is a huge open gate to the Metal Vault (Medium) here.
You open the large door.
An ufetubus, a centaur and an efreet come into view.
The efreet is wielding a +1 scimitar of flaming.
The ufetubus shouts!
The centaur shouts!
The centaur wields a +0 shortbow.
The centaur shoots an arrow.
The arrow barely misses you.
Reach: a) +0 trident
Press: ? - help, Dir - move target, f - ufetubus
Aim: an ufetubus (about 65% to evade your +0 trident)
You reach to attack!
You closely miss the ufetubus. The ufetubus hits you.
You block the ufetubus's attack.
You hit the ufetubus.
The ufetubus is severely wounded.
The ufetubus closely misses you. x2; You block the ufetubus's attack.
The ufetubus hits you.
You hit the ufetubus.
You kill the ufetubus!
The centaur shoots an arrow.
The arrow hits you.
The centaur shoots an arrow.
The arrow completely misses you.
Your Polearms skill increases to level 2!
Your Armour skill increases to level 3!
Your Shields skill increases to level 3!
A red film seems to cover your vision as you go berserk!
You feel yourself moving faster!
You feel mighty!
The centaur shoots an arrow.
You block the arrow. The efreet gestures at you.
The fireball explodes!
The fireball engulfs you!
* * * LOW HITPOINT WARNING * * *
The centaur shoots an arrow.
The arrow hits you!
You die...

#................+
+................+
#......#..#......#
#................#
####'#####''######
#.......##''#####
#.......##......#
#.......##......#
#...<...###.@..##
#.......# ##''##
#.......# .cR.#
#.......# ..°...#
##########......+
#...°..# ##....##
##++##


You could see an efreet and a centaur.

Vanquished Creatures
  An ufetubus (D)
1 creature vanquished.

Notes
Turn   | Place    | Note
-------+----------+-------------------------------------------
     0 | D        | purpskrrrp the Demonspawn Fighter began the quest for the
                  | Orb.
     0 | D        | Reached XP level 1. HP: 18/18 MP: 1/1
    17 | D        | Noticed a centaur
    17 | D        | Noticed an efreet
    21 | D        | Shot with an arrow by a centaur

Illustrated notes

Levels and vault maps discovered:
D:        pitsprint [storerooms_1, entrance_room_1, metal_vault_2, armoury_3,
          mini_pit_1, grid_room_1, main_hall_1, silver_pit, the_coven_2,
          the_vestibule_1, steel_vault_3, golden_pit, hallway_of_sentries,
          crystal_vault_5, iron_vault_1, final_vault]

Skill      XL: |  1 |
---------------+----+-----
Polearms       | 2 |  2.1
Armour         | 3 |  3.2
Shields        | 3 |  3.1
Fighting       | |  3.5

Action                   || total
-------------------------++-------
Melee: Trident           ||     3
  Use: Potion            ||     1
Dodge: Dodged            ||     4
Block: Buckler           ||     3
